 Dungeon Crawl Stone Soup version bcrawl-1.35.4b (webtiles) character file.

Game seed: 13727639406442054279

149962 Dulis131 the Cudgeler (level 5, 0/44 HPs)
             Began as an Oni Skald on Jan 30, 2022.
             Succumbed to a kobold's poison
             ... on level 3 of the Dungeon.
             The game lasted 00:11:30 (2830 turns).

Dulis131 the Cudgeler (Oni Skald)                   Turns: 2830, Time: 00:11:31

Health: 0/44       AC: 11    Str: 15    XL:     5   Next: 83%
Magic:  11/11      EV:  4    Int: 15    God:
Gold:   196        SH:  0    Dex: 12    Spells: 9/10 levels left

rFire    . . .     SeeInvis .   n - +3 dagger (elec)
rCold    . . .     Gourm    .   (no shield)
rNeg     + . .     Faith    .   c - +0 plate armour
rPois    .         Spirit   .   (helmet restricted)
rElec    .         Reflect  .   g - +0 cloak
rCorr    +                      (no gloves)
MR       .....                  (no boots)
Stlth    ..........             (no amulet)
HPRegen  0.14/turn              j - ring of resist corrosion
MPRegen  0.12/turn              q - ring "Bonaergh" {*Drain +Fly rN+ Dex+2}

@: lethally poisoned (0 -> -8), marked
A: oni magic, claws 1, fangs 1, horns 1
a: Evoke Flight


You were on level 3 of the Dungeon.
You were not hungry.

You visited 1 branch of the dungeon, and saw 3 of its levels.

You collected 196 gold pieces.

Inventory:

Hand Weapons
 a - a +0 flail
 n - a +3 dagger of electrocution (weapon)
 o - a cursed -1 dagger
Missiles
 b - 34 poisoned tomahawks (quivered)
Armour
 c - a +0 plate armour (worn)
 g - a +0 cloak (worn)
Jewellery
 j - a ring of resist corrosion (left claw)
 q - the ring "Bonaergh" (right claw) {*Drain +Fly rN+ Dex+2}
   (You found it on level 3 of the Dungeon)

   [ring of flight]

   It affects your dexterity (+2).
   It protects you from negative energy.
   It lets you fly.
   It causes draining when unequipped.
Scrolls
 d - a scroll of fear
 k - a scroll of remove curse
 l - 2 scrolls of teleportation
Comestibles
 e - 2 rations {!d}
 p - 4 chunks of flesh


   Skills:
 + Level 2.9 Fighting
 * Level 1.1 Short Blades
 - Level 3.7 Maces & Flails
 + Level 0.1 Throwing
 + Level 1.9 Armour
 + Level 2.2 Dodging
 + Level 0.3 Stealth
 + Level 3.0 Spellcasting
   Level 3.0 Conjurations
   Level 3.0 Hexes
   Level 3.0 Charms
   Level 3.0 Summonings
   Level 3.0 Necromancy
   Level 3.0 Translocations
   Level 3.0 Transmutations
   Level 3.0 Fire Magic
   Level 3.0 Ice Magic
   Level 3.0 Air Magic
   Level 3.0 Earth Magic
   Level 3.0 Poison Magic


You had 9 spell levels left.
You knew the following spells:

 Your Spells              Type           Power        Failure   Level  Hunger
a - Infusion              Chrm           ##......     99%         1    None

Your spell library contained the following spells:

 Spells                   Type           Power        Failure   Level  Hunger
 Blink                    Tloc           N/A          99%         2    #......
 Searing Ray              Conj           ##......     99%         2    #......
 Song of Slaying          Chrm           ##......     99%         2    #......
 Swiftness                Chrm/Air       ##......     100%        2    #......
 Ozocubu's Armour         Chrm/Ice       ##......     100%        3    ####...
 Regeneration             Chrm/Necr      ##........   100%        3    ####...
 Spectral Weapon          Hex/Chrm       ##......     100%        3    ####...


Dungeon Overview and Level Annotations

Branches:
Dungeon (3/12)

Altars:
Ru
Trog


Innate Abilities, Weirdness & Mutations

You learn spells by gaining experience, not through books or religion.
You only train spellcasting to practice magic.
You have sharp fingernails.
You have very sharp teeth.
You have a pair of small horns on your head.


Message History

A sentinel's mark forms upon you.
It was a scroll of noise.
Your surroundings suddenly seem different.
* * * LOW HITPOINT WARNING * * *
You feel sick.
There is a lethal amount of poison in your body!
There is a lethal amount of poison in your body!
* * * LOW HITPOINT WARNING * * *
You feel sick.
* * * LOW HITPOINT WARNING * * *
You feel sick.
* * * LOW HITPOINT WARNING * * *
You feel sick.
* * * LOW HITPOINT WARNING * * *
You feel sick.
* * * LOW HITPOINT WARNING * * *
You feel sick.
* * * LOW HITPOINT WARNING * * *
You feel sick.
You die...

..)..<.#..##.......#.......# ##.#
...................#.##....# #...
........###........#.##....###...
........####.........#.....#.....
........).##...........#.....#...
.......##.##..........##.....#...
.......##.##.....##..............
..#.#...#...........#.......##...
....###.........@...#.....#..#...
....#######......##.#......#.#...
.##..# ##.....##........#.....
..รท.)#######.......)....#.....###
.###......#........####.........#
.# ######.........).# ###.....#.#
.## ##..........# #.....#.# ..#
#..........# ####..##.# #.#
#..........# #....###.#


There were no monsters in sight!

Vanquished Creatures
  Jessica (D:2)
  Terence (D:2)
  2 orc wizards
  An adder (D:3)
  2 worms
  5 dart slugs
  2 leopard geckos
  4 orcs (D:3)
  4 bats
  3 giant cockroaches
  5 goblins
  6 hobgoblins
  9 jackals
  13 kobolds
  A quokka (D:2)
  3 ball pythons (D:2)
  6 frilled lizards
  2 rats (D:1)
70 creatures vanquished.

Notes
Turn   | Place    | Note
-------+----------+-------------------------------------------
     0 | D:1      | Dulis131 the Oni Skald began the quest for the Orb.
     0 | D:1      | Reached XP level 1. HP: 17/17 MP: 5/5
   117 | D:1      | Reached XP level 2. HP: 24/24 MP: 7/7
   218 | D:1      | Reached skill level 1 in Armour
   802 | D:1      | Reached XP level 3. HP: 29/29 MP: 9/9
   958 | D:2      | Found a sacrificial altar of Ru.
  1114 | D:2      | Reached XP level 4. HP: 36/36 MP: 10/10
  1138 | D:2      | Noticed Jessica
  1142 | D:2      | Killed Jessica
  1693 | D:2      | Noticed Terence
  1734 | D:2      | Killed Terence
  1735 | D:2      | Reached XP level 5. HP: 25/42 MP: 9/11
  2474 | D:3      | Reached skill level 1 in Short Blades
  2555 | D:3      | Got a glittering copper ring
  2556 | D:3      | Identified the ring "Bonaergh" {*Drain +Fly rN+ Dex+2} (You
                  | found it on level 3 of the Dungeon)
  2676 | D:3      | Found a bloodstained altar of Trog.
  2828 | D:3      | HP: 2/44 [poisoned by a kobold]
  2830 | D:3      | Succumbed to a kobold's poison

Skill      XL: |  1  2  3  4  5 |
---------------+----------------+-----
Armour         | 1 |  1.9
Dodging        | 2 |  2.2
Spellcasting   | 3 |  3.0
Maces & Flails | 3 |  3.7
Short Blades   | 1 |  1.1
Fighting       | |  2.9
Throwing       | |  0.1
Stealth        | |  0.3
Conjurations   | |  3.0
Hexes          | |  3.0
Charms         | |  3.0
Summonings     | |  3.0
Necromancy     | |  3.0
Translocations | |  3.0
Transmutations | |  3.0
Fire Magic     | |  3.0
Ice Magic      | |  3.0
Air Magic      | |  3.0
Earth Magic    | |  3.0
Poison Magic   | |  3.0

Action                   |  1- 3 |  4- 6 || total
-------------------------+-------+-------++-------
Melee: Flail             |    55 |    56 ||   111
       Bite              |     5 |     8 ||    13
       Headbutt          |    11 |    16 ||    27
       Dagger            |       |    75 ||    75
Throw: Tomahawk          |       |     8 ||     8
 Cast: Infusion          |     1 |     3 ||     4
  Use: Scroll            |       |     9 ||     9
       Potion            |       |     3 ||     3
 Stab: Paralysed         |     1 |       ||     1
  Eat: Chunk             |     2 |     6 ||     8
       Ration            |       |     2 ||     2
Armor: Leather armour    |    13 |    23 ||    36
       Chain mail        |       |    41 ||    41
       Plate armour      |       |    21 ||    21
Dodge: Dodged            |    32 |    67 ||    99
